 Dungeon Crawl Stone Soup version 0.25.0 (webtiles) character file.

Game seed: 16659398862844767473

68522 nihilominus the Severer (level 14, -3/133 HPs)
             Began as a Deep Dwarf Fighter on June 12, 2020.
             Was a High Priest of Makhleb.
             Slain by an 11-headed hydra (10 damage)
             ... on level 2 of the Lair of Beasts.
             The game lasted 00:59:06 (15837 turns).

nihilominus the Severer (Deep Dwarf Fighter)       Turns: 15837, Time: 00:59:07

Health: -3/133     AC: 23    Str: 28    XL:     14   Next: 87%
Magic:  11/11      EV: 14    Int: 14    God:    Makhleb [*****.]
Gold:   895        SH: 14    Dex: 13    Spells: 13/13 levels left

rFire    + . .     SeeInvis .   G - +10 war axe of Sapheynt {venom, Str+6}
rCold    . . .     Gourm    .   c - +1 kite shield
rNeg     + . .     Faith    .   N - +4 chain mail {rF+}
rPois    .         Spirit   .   Q - +2 helmet {Int+3}
rElec    .         Reflect  .   (no cloak)
rCorr    .         Harm     .   (no gloves)
MR       ++...                  (no boots)
Stlth    ..........             (no amulet)
HPRegen  0.00/turn              y - ring of stealth
MPRegen  0.12/turn              p - +4 ring of protection

@: about to teleport, non-regenerating, studying Bows
A: damage resistance, heal wounds, negative energy resistance 1, sense
surroundings 2, no regeneration
a: Heal Wounds, Minor Destruction, Lesser Servant of Makhleb, Major Destruction,
Greater Servant of Makhleb, Renounce Religion


You were on level 2 of the Lair of Beasts.
You worshipped Makhleb.
Makhleb was extremely pleased with you.
You were not hungry.

You visited 3 branches of the dungeon, and saw 18 of its levels.
You visited 1 bazaar.

You collected 1545 gold pieces.
You spent 650 gold pieces at shops.

Inventory:

Hand Weapons
 G - the +10 war axe of Sapheynt (weapon) {venom, Str+6}
   (You found it on level 7 of the Dungeon)

   It poisons the flesh of those it strikes.
   It affects your strength (+6).
Armour
 c - a +1 kite shield (worn)
 N - a +4 chain mail of fire resistance (worn)
 Q - a +2 helmet of intelligence (worn)
Jewellery
 g - an uncursed ring of flight
 l - an uncursed amulet of faith
 p - a +4 ring of protection (right hand)
 q - a +6 ring of intelligence
 r - an uncursed ring of magical power
 x - an uncursed ring of resist corrosion
 y - a ring of stealth (left hand)
 C - a +6 ring of intelligence
 L - an uncursed ring of ice
Wands
 w - a wand of enslavement (14)
 J - a wand of acid (19)
 O - a wand of disintegration (10)
 P - a wand of flame (17)
 S - a wand of digging (5)
 T - a wand of polymorph (9)
 W - a wand of clouds (5)
Scrolls
 a - a scroll of holy word {unknown}
 b - a scroll of vulnerability {unknown}
 h - 11 scrolls of teleportation
 j - 4 scrolls of amnesia
 A - 7 scrolls of remove curse
 E - a scroll of magic mapping
 F - 2 scrolls of immolation
 I - a scroll of enchant weapon
 K - 11 scrolls of identify
 M - 2 scrolls of fear
 X - a scroll of blinking
Potions
 d - 4 potions of might
 e - 3 potions of lignification {unknown}
 i - 3 potions of stabbing {unknown}
 k - 2 potions of degeneration {unknown}
 n - 3 potions of heal wounds {unknown}
 o - 8 potions of curing
 s - a potion of invisibility {unknown}
 u - 3 potions of flight {unknown}
 v - 4 potions of brilliance {unknown}
 z - a potion of mutation {unknown}
 B - 2 potions of magic {unknown}
 H - 4 potions of haste {unknown}
 U - a potion of cancellation {unknown}
Books
 t - a manual of Bows
Comestibles
 f - 29 rations


   Skills:
 + Level 10.4 Fighting
 * Level 16.0 Axes
 + Level 12.1 Armour
 + Level 11.2 Dodging
 + Level 12.2 Shields
 + Level 7.0 Evocations


You had 13 spell levels left.
You didn't know any spells.
Your spell library contained the following spells:

 Spells                   Type           Power        Failure   Level  Hunger
 Freeze                   Ice            #...         85%         1    ##.....
 Frozen Ramparts          Ice            #.....       99%         3    ####...
 Ozocubu's Armour         Chrm/Ice       #.......     99%         3    ####...
 Hailstorm                Conj/Ice       #.......     100%        4    #####..
 Summon Ice Beast         Ice/Summ       #.......     100%        4    #####..


Dungeon Overview and Level Annotations

Branches:
Dungeon (15/15)            Temple (1/1) D:6            Lair (2/6) D:10
    Orc (0/2) D:11         Vaults (0/5) D:14         Depths (0/5) D:15
  Swamp: Lair:2-4    Shoals: Lair:2-4     Snake: Lair:2-4    Spider: Lair:2-4

Altars:
Ashenzari
Dithmenos
Elyvilon
Fedhas
Gozag
Hepliaklqana
Kikubaaqudgha
Makhleb
Okawaru
Qazlal
Ru
Trog
Uskayaw
Vehumet
Xom
Yredelemnul
Zin
The Shining One

Shops:
D:7 [?([   D:8 !:((   D:12 *   D:13 *

Annotations:
Lair:2 Dumidips's ghost, journeyman OpMo


Innate Abilities, Weirdness & Mutations

You are resistant to damage.
You can heal yourself by infusing magical energy.
You resist negative energy. (rN+)
You passively map the area around you.
You do not regenerate.


Message History

The 11-headed hydra bites you but does no damage.
The 11-headed hydra barely misses you. The 11-headed hydra closely misses you.
As you read the scroll of teleportation, it crumbles to dust.
You feel strangely unstable. You block the 19-headed hydra's attack.
The 19-headed hydra bites you but does no damage.
You block the 19-headed hydra's attack.
The 19-headed hydra bites you but does no damage.
The 19-headed hydra bites you!
* * * LOW HITPOINT WARNING * * *
The 19-headed hydra bites you but does no damage. x2
You block the 19-headed hydra's attack. x2
The 19-headed hydra bites you but does no damage. x3
The 19-headed hydra barely misses you. x2
You block the 19-headed hydra's attack.
The 19-headed hydra bites you but does no damage.
The 19-headed hydra barely misses you. x3
Dumidips's ghost feints to the left.
The 11-headed hydra bites you but does no damage.
The 11-headed hydra bites you!
You die...

#...###.P......# ####
#..## ##.....P# ##.#
#......#* # #.#
##...##.# # ##
#.##.## * #### #
#####.#### #..## *#
#..#.###### #P.##♣P♣
#..D##.##.###..#...$
##.@DW.........'....
#P..####.###....'..).
#..## ### ##.#.'....
# #.P* ##..#...$ #
#.## #..##PPP ##
#..,* ###.#### .##
#.* #.# ..### #.#*
,.# ..#.# ..# .#


You could see a 19-headed hydra (extremely poisoned), a 11-headed hydra and
Dumidips's ghost.

Vanquished Creatures
  Gastronok (Lair:1)
  An ironheart preserver (D:14)
  A minotaur (D:13)
  An ettin (D:15)
  Harold (D:7)
  3 ogre magi (D:15)
  Fannar (D:11)
  2 hydras
  A rakshasa (D:13)
  Erica (D:8)
  2 catoblepae
  6 centaur warriors
  3 death yaks (D:10)
  2 tengu warriors
  18 two-headed ogres
  A hell knight (D:15)
  A deep elf knight (D:15)
  6 unseen horrors
  2 deep elf magi
  A wolf spider zombie (D:15)
  3 manticores
  10 ugly things
  Joseph (D:8)
  2 gargoyles
  2 spiny frogs
  2 kobold demonologists (D:13)
  3 centaur skeletons
  An efreet (D:14)
  A rime drake (Lair:1)
  A komodo dragon (D:11)
  A yaktaur (D:15)
  2 tengu conjurers
  4 trolls
  A merfolk (D:9)
  4 polar bears (Lair:2)
  4 hornets
  5 blink frogs (Lair:2)
  A meliai (shapeshifter) (D:15)
  10 slime creatures (D:13)
  7 hippogriffs
  2 wyverns
  A vampire (D:14)
  2 wraiths
  26 yaks
  A steam dragon (D:9)
  A basilisk (shapeshifter) (D:13)
  2 hungry ghosts (D:12)
  3 vampire mosquitoes (D:13)
  2 acid dragons
  A soldier ant (D:11)
  2 water moccasins
  4 porcupines
  3 sky beasts
  8 black bears
  3 phantoms
  2 ice beasts (D:11)
  7 orc warriors
  2 eyes of draining
  5 wolves (Lair:1)
  6 ogres
  16 centaurs
  2 crocodiles (Lair:1)
  2 big kobolds
  17 bullfrogs
  2 wyvern zombies
  2 wyvern skeletons
  A water moccasin skeleton (D:12)
  10 scorpions
  5 killer bees
  9 wights (D:11)
  2 howler monkeys
  11 crimson imps
  A lava snake (D:12)
  4 centaur zombies
  7 hounds
  2 quasits
  6 orc priests
  4 jellies
  8 orc wizards
  4 bullfrog skeletons
  4 iguanas
  4 worker ants
  2 hell rats (D:10)
  2 hound zombies
  A worker ant zombie (D:11)
  A howler monkey skeleton (D:8)
  A river rat (D:10)
  21 adders
  5 shadow imps
  2 oozes
  An adder zombie (D:7)
  2 adder skeletons (D:4)
  A dart slug (D:4)
  5 leopard geckos
  28 orcs
  7 giant cockroaches
  7 hobgoblins
  13 jackals
  12 kobolds
  6 quokkas
  8 bats
  3 frilled lizards
  A giant cockroach zombie (D:4)
  5 goblins
  A leopard gecko skeleton (D:8)
  A leopard gecko zombie (D:5)
  A quokka skeleton (D:9)
  9 rats
  A fungus (Lair:1)
  2 plants (D:7)
475 creatures vanquished.

Vanquished Creatures (collateral kills)
  The ghost of qdestroyer the Cleaver, a journeyman MiFi of Trog (D:13)
  A troll (D:13)
  A centaur (D:13)
  2 orcs (D:13)
5 creatures vanquished.

Vanquished Creatures (others)
  2 orc wizards
  3 plants (Lair:2)
5 creatures vanquished.

Grand Total: 485 creatures vanquished

Notes
Turn   | Place    | Note
-------+----------+-------------------------------------------
     0 | D:1      | nihilominus the Deep Dwarf Fighter began the quest for the
                  | Orb.
     0 | D:1      | Reached XP level 1. HP: 20/20 MP: 1/1
   116 | D:1      | Reached XP level 2. HP: 21/27 MP: 2/2
   849 | D:2      | Found a basalt altar of Yredelemnul.
   981 | D:2      | Found a sacrificial altar of Ru.
   984 | D:2      | Reached skill level 3 in Axes
   984 | D:2      | Reached XP level 3. HP: 30/34 MP: 2/2
  1375 | D:2      | Found a glowing silver altar of Zin.
  1674 | D:3      | Reached XP level 4. HP: 35/42 MP: 3/3
  2009 | D:3      | Found a bloodstained altar of Trog.
  2613 | D:4      | Reached skill level 4 in Axes
  2613 | D:4      | Reached XP level 5. HP: 32/49 MP: 4/4
  2683 | D:4      | Reached XP level 6. HP: 46/56 MP: 5/5
  2773 | D:4      | Reached skill level 5 in Axes
  3417 | D:5      | Entered Level 5 of the Dungeon
  3464 | D:5      | Reached XP level 7. HP: 63/64 MP: 6/6
  3547 | D:5      | Reached skill level 5 in Armour
  3547 | D:5      | Reached skill level 5 in Shields
  3552 | D:5      | Reached skill level 1 in Dodging
  3851 | D:5      | Reached skill level 6 in Axes
  4363 | D:6      | Found a staircase to the Ecumenical Temple.
  4413 | Temple   | Entered the Ecumenical Temple
  4437 | Temple   | Became a worshipper of Makhleb the Destroyer
  4849 | D:7      | Found Cidaydd's Armour Shoppe.
  4901 | D:7      | Reached XP level 8. HP: 49/73 MP: 5/5
  4909 | D:7      | Got a twisted war axe
  4958 | D:7      | Found Biny's Magic Scroll Shop.
  4961 | D:7      | Bought a scroll of identify for 24 gold pieces
  4961 | D:7      | Bought a scroll of enchant weapon for 90 gold pieces
  4961 | D:7      | Bought a scroll of enchant armour for 90 gold pieces
  4961 | D:7      | Bought a scroll of remove curse for 36 gold pieces
  4961 | D:7      | Bought a scroll of identify for 24 gold pieces
  4961 | D:7      | Bought a scroll of remove curse for 36 gold pieces
  4961 | D:7      | Bought a scroll of identify for 24 gold pieces
  4962 | D:7      | Identified the +10 war axe of Sapheynt {venom, Str+6} (You
                  | found it on level 7 of the Dungeon)
  4975 | D:7      | Reached skill level 7 in Axes
  5094 | D:7      | Noticed Harold
  5102 | D:7      | Found Ytik's Antique Armour Emporium.
  5116 | D:7      | Killed Harold
  5116 | D:7      | Reached skill level 5 in Fighting
  5116 | D:7      | Reached skill level 8 in Axes
  5116 | D:7      | Gained mutation: You passively map the area around you.
                  | [Deep Dwarf growth]
  5116 | D:7      | Reached XP level 9. HP: 20/81 MP: 6/6
  5712 | D:7      | Found Tuemuqi's Antique Weapon Emporium.
  5985 | D:8      | Noticed Joseph
  6008 | D:8      | Killed Joseph
  6081 | D:8      | Found a shimmering altar of Xom.
  6081 | D:8      | Found a hide-covered altar of Uskayaw.
  6188 | D:8      | Found Mihoroyl's Distillery.
  6203 | D:8      | Reached skill level 9 in Axes
  6271 | D:8      | Found Jiequn's Antique Weapon Shoppe.
  6351 | D:8      | Found Ydduc's Book Shop.
  6484 | D:8      | Noticed Erica
  6499 | D:8      | Killed Erica
  6499 | D:8      | Reached skill level 5 in Dodging
  6560 | D:8      | Found a white marble altar of Elyvilon.
  6597 | D:8      | Reached * piety under Makhleb
  6597 | D:8      | Reached XP level 10. HP: 71/91 MP: 5/5
  6755 | D:8      | Found Pegrim's Weapon Emporium.
  6874 | D:9      | Found a shimmering altar of Xom.
  6975 | D:9      | Reached skill level 10 in Axes
  7611 | D:10     | Entered Level 10 of the Dungeon
  7656 | D:10     | Noticed a death yak
  7663 | D:10     | Noticed a death yak
  7664 | D:10     | Noticed a death yak
  7676 | D:10     | Killed a death yak
  7682 | D:10     | Killed a death yak
  7692 | D:10     | Killed a death yak
  7692 | D:10     | Reached skill level 11 in Axes
  7701 | D:10     | Reached ** piety under Makhleb
  7711 | D:10     | Found a staircase to the Lair.
  7748 | D:10     | Noticed a green ugly thing
  7757 | D:10     | Killed a green ugly thing
  7757 | D:10     | Reached XP level 11. HP: 97/100 MP: 5/5
  8526 | D:11     | Killed an unseen horror
  8567 | D:11     | Reached *** piety under Makhleb
  8568 | D:11     | Noticed Fannar
  8595 | D:11     | Killed Fannar
  8617 | D:11     | Reached skill level 12 in Axes
  8804 | D:11     | Noticed a red ugly thing
  8815 | D:11     | Killed a red ugly thing
  8821 | D:11     | Noticed an eight-headed hydra
  8822 | D:11     | Noticed a catoblepas
  8827 | D:11     | Killed a catoblepas
  8865 | D:11     | Killed a 17-headed hydra
  8970 | D:11     | Reached XP level 12. HP: 110/110 MP: 5/5
  9191 | D:11     | Found a staircase to the Orcish Mines.
  9217 | D:11     | Noticed a two-headed ogre
  9225 | D:11     | Killed a two-headed ogre
  9346 | D:11     | Reached **** piety under Makhleb
  9535 | D:12     | Reached skill level 13 in Axes
  9646 | D:12     | Found a flickering gateway to a bazaar.
  9657 | Bazaar   | Entered a bazaar
  9674 | Bazaar   | Found Bued's Antique Armour Emporium.
  9674 | Bazaar   | Found Dukaysa's Antique Weapon Shoppe.
  9701 | Bazaar   | Found Hyjow's Antique Armour Emporium.
  9701 | Bazaar   | Found Wyjogh's Magic Scroll Shoppe.
  9707 | Bazaar   | Bought a scroll of identify for 32 gold pieces
  9707 | Bazaar   | Bought a scroll of enchant armour for 120 gold pieces
  9707 | Bazaar   | Bought a scroll of identify for 32 gold pieces
  9713 | Bazaar   | Bought a glowing helmet for 142 gold pieces
  9725 | Bazaar   | Found Jetom's Gadget Emporium.
  9725 | Bazaar   | Found Reusuterr's Weapon Shoppe.
  9795 | Bazaar   | Found Miurel's Antique Armour Shoppe.
  9848 | D:12     | Found Tuhiduo's Assorted Antiques.
  9882 | D:12     | Noticed a two-headed ogre
  9896 | D:12     | Killed a two-headed ogre
  9896 | D:12     | Reached skill level 10 in Armour
  9896 | D:12     | Reached skill level 10 in Shields
 10449 | D:13     | Found a runed translucent gate.
 10449 | D:13     | Found a runed translucent gate.
 10450 | D:13     | Found a runed translucent gate.
 10453 | D:13     | Noticed a centaur warrior
 10453 | D:13     | Noticed a rakshasa
 10453 | D:13     | Noticed a minotaur
 10678 | D:13     | Noticed a catoblepas
 10689 | D:13     | Killed a catoblepas
 10862 | D:13     | Found Xuriox's Assorted Antiques.
 10922 | D:13     | Noticed qdestroyer's ghost (journeyman MiFi)
 10939 | D:13     | Killed a centaur warrior
 10939 | D:13     | Reached XP level 13. HP: 91/121 MP: 6/6
 10944 | D:13     | Killed a minotaur
 10944 | D:13     | Reached skill level 14 in Axes
 10957 | D:13     | Killed qdestroyer's ghost
 11020 | D:13     | Reached ***** piety under Makhleb
 11807 | D:14     | Reached skill level 1 in Evocations
 11985 | D:14     | Noticed an ironheart preserver
 11999 | D:14     | Killed an ironheart preserver
 12007 | D:14     | Reached skill level 10 in Dodging
 12349 | D:14     | Reached skill level 15 in Axes
 12464 | D:14     | Found a gate to the Vaults.
 12718 | D:15     | Entered Level 15 of the Dungeon
 12934 | D:15     | Gained mutation: You resist negative energy. (rN+) [Deep
                  | Dwarf growth]
 12934 | D:15     | Reached XP level 14. HP: 130/130 MP: 10/10
 13014 | D:15     | Found a staircase to the Depths.
 13032 | D:15     | Reached skill level 5 in Evocations
 13151 | D:15     | Reached skill level 10 in Fighting
 14468 | Lair:1   | Entered Level 1 of the Lair of Beasts
 14646 | Lair:1   | Reached ****** piety under Makhleb
 15138 | Lair:1   | Noticed Gastronok
 15152 | Lair:1   | Killed Gastronok
 15153 | Lair:1   | Found a glowing golden altar of the Shining One.
 15367 | Lair:2   | Reached skill level 16 in Axes
 15792 | Lair:2   | Found a runed translucent gate.
 15792 | Lair:2   | Found a runed translucent gate.
 15792 | Lair:2   | Found a runed translucent gate.
 15795 | Lair:2   | Noticed Dumidips's ghost (journeyman OpMo)
 15804 | Lair:2   | Noticed an Executioner
 15833 | Lair:2   | HP: 5/133 [11-headed hydra (2)]
 15837 | Lair:2   | Slain by an 11-headed hydra

Illustrated notes

Levels and vault maps discovered:
D:1:      wander_arrival_desolate, layout_basic, minmay_tetromino_o2
D:2:      layout_basic, yredelemnul_altar_generic, marbit_many_paths,
          nicolae_ru_great_annihilating_truth
D:3:      minmay_recursive_quarters, layout_basic, bloody_trog, first_ration
D:4:      kennysheep_six_static_rooms, layout_loops_ring,
          nicolae_overflow_hidden_temple, minmay_manual_mail
D:5:      layout_loops_ring, st_stairs_4
D:6:      layout_rooms, minmay_temple_entry_slanted
D:7:      layout_layer_cave, serial_shops, kennysheep_little_box,
          nicolae_shop_behind_doors, nicolae_shop_overgrown_old_shop, shop,
          grunt_decor_arrowhead, uniq_harold
D:8:      layout_loops_corners, elyvilon_altar_5,
          gammafunk_temple_overflow_pools, serial_shops, shop, shop, shop,
          nicolae_shop_crystal, uniq_joseph, uniq_erica
D:9:      minmay_polygon_palace, layout_loops_ring, basic_altar,
          hangedman_fish_farm
D:10:     layout_roguey, dpeg_lair_monsters
D:11:     layout_roguey, orc_0_dummy, minmay_alternating_orb, uniq_fannar
D:12:     layout_loops_ring, serial_shops, bzr_entry_road, shop,
          kennysheep_path_1, minmay_misc_feat_tower
D:13:     layout_gridville, maelrawn_ghost_gauntlet_escape, serial_shops,
          shop_fountains
D:14:     layout_roguey, skrybe_vaults_entry_preservation, grunt_ministairs_1
D:15:     hangedman_depths_entry_civil_slaughter, layout_loops_ring,
          serial_park_tiny_2
Temple:   cyrus_circular_temple
Lair:1:   layout_chaotic_city, basic_altar, grunt_megastairs_5, uniq_gastronok
Lair:2:   beast_lair_carwin_large_3, layout_cave_pods,
          gammafunk_ghost_hydra_chop

Skill      XL: |  1  2  3  4  5  6  7  8  9 10 11 12 13 14 |
---------------+-------------------------------------------+-----
Fighting       | 3 4 5 6 7 8 9 10 | 10.4
Axes           | 3 4 5 6 8 9 11 12 13 15 16 | 16.0
Armour         | 4 5 6 7 8 9 10 11 12 | 12.1
Shields        | 4 5 6 7 8 9 10 11 12 | 12.2
Dodging        | 2 3 5 6 7 9 10 11 | 11.2
Evocations     | 4 7 |  7.0

Action                   |  1- 3 |  4- 6 |  7- 9 | 10-12 | 13-15 || total
-------------------------+-------+-------+-------+-------+-------++-------
Melee: War axe           |    95 |   241 |   232 |   571 |   571 ||  1710
Invok: Lesser Servant of |       |       |       |     2 |     2 ||     4
       Greater Servant o |       |       |       |       |     1 ||     1
 Abil: Heal Wounds       |     1 |     5 |     9 |    21 |    14 ||    50
  Use: Scroll            |     7 |     7 |     6 |     9 |     4 ||    33
 Stab: Paralysed         |     1 |       |       |       |       ||     1
  Eat: Ration            |     1 |     1 |     2 |     3 |     2 ||     9
       Chunk             |     1 |     1 |     3 |    17 |     3 ||    25
Armor: Scale mail        |    46 |   119 |    73 |       |       ||   238
       Chain mail        |       |       |    22 |   286 |   455 ||   763
Dodge: Dodged            |    34 |    69 |    77 |   224 |   369 ||   773
Block: Kite shield       |    52 |   154 |   138 |   391 |   507 ||  1242
